 Dungeon Crawl Stone Soup version 0.30-a0-726-gd89dcf765f (webtiles) character file.

Game seed: 8330993283489140436

34 timneilson the Shield-Bearer (level 3, 0/23 HPs)
             Began as a Gargoyle Fighter on Jan 29, 2023.
             Slain by a goblin
             ... wielding a +1 dagger of flaming
             ... led by Robin
              (3 damage)
             ... on level 2 of the Dungeon.
             The game lasted 00:01:00 (863 turns).

timneilson the Shield-Bearer (Gargoyle Fighter)      Turns: 863, Time: 00:01:00

Health: 0/23       AC: 10    Str: 21    XL:     3   Next: 31%
Magic:  3/3        EV:  6    Int:  8    God:
Gold:   60         SH:  4    Dex:  9    Spells: 2/2 levels left

rFire   . . .      SeeInvis .    a - +0 long sword
rCold   . . .      Faith    .    c - +0 buckler
rNeg    + . .      Spirit   .    b - +0 scale mail
rPois   ∞          Reflect  .    (no helmet)
rElec   +          Harm     .    (no cloak)
rCorr   .          Rampage  .    (no gloves)
Will    .....                    (no boots) Stlth
                                 (no amulet)
HPRegen 0.23/turn                (no ring)
MPRegen 0.08/turn                (no ring)

@: constricted
A: sickness immunity, AC +3, negative energy resistance 1, electricity
resistance, torment resistance 1, petrification resistance
a: no special abilities


You were on level 2 of the Dungeon.
You visited 1 branch of the dungeon, and saw 2 of its levels.

You collected 60 gold pieces.

Inventory:

Hand Weapons
 a - a +0 long sword (weapon)
Armour
 b - a +0 scale mail (worn)
 c - a +0 buckler (worn)
Scrolls
 e - a scroll of brand weapon {unknown}
Potions
 d - 2 potions of might
 f - a potion of flight {unknown}
 g - a potion of curing {unknown}
 j - a potion of haste {unknown}


   Skills:
 + Level 3.4 Fighting
 * Level 2.3 Long Blades
 * Level 3.6 Armour
 + Level 0.5 Dodging
 * Level 3.7 Shields


You had 2 spell levels left.
You didn't know any spells.
Your spell library was empty.

Dungeon Overview and Level Annotations

Branches:
Dungeon (2/15)

Altars:

Annotations:
D:2 Robin


Innate Abilities, Weirdness & Mutations

You are immune to sickness and miasma.
Your stone body is resilient. (AC +3)
You are immune to poison.
You resist negative energy. (rN+)
You are resistant to electric shocks. (rElec)
You are resistant to unholy torment.
You are immune to petrification.


Message History

You hit the ball python but do no damage.
The ball python bites you. The ball python constricts you.
The goblin hits you but does no damage.
Robin roars a battlecry!
The goblin hits you with a +0 dagger.
You closely miss the goblin. The ball python bites you.
The ball python constricts you.
The hobgoblin hits you but does no damage.
A hobgoblin comes into view.
The goblin hits you but does no damage. x2
The ball python bites you but does no damage.
The ball python constricts you. The hobgoblin hits you.
The goblin hits you but does no damage.
An endoplasm comes into view.
The goblin hits you with a +0 dagger.
A goblin comes into view. It is wielding a +0 dagger.
You barely miss the goblin.
The endoplasm quivers.
The ball python bites you but does no damage.
The ball python constricts you. The hobgoblin barely misses you.
The goblin hits you but does no damage. The goblin hits you with a +0 dagger.
* * * LOW HITPOINT WARNING * * *
Unknown command.
You closely miss the goblin. The ball python barely misses you.
The ball python constricts you. The goblin hits you but does no damage.
You block the hobgoblin's attack. The goblin hits you but does no damage.
The ball python bites you but does no damage.
The ball python constricts you.
You barely miss the goblin. The goblin hits you but does no damage.
The hobgoblin hits you.
* * * LOW HITPOINT WARNING * * *
The ball python bites you.
* * * LOW HITPOINT WARNING * * *
The ball python constricts you. The goblin hits you but does no damage.
Unknown command.
You completely miss the goblin.
The ball python bites you but does no damage.
The ball python constricts you.
The goblin hits you with a +1 dagger of flaming.
You die...

. #.# #..# #)#<#
#..# # #.#.# #..#
##.#.#.# #..#
#......####..#
#......(..#
#.#.#####.#
#######S#g# #.#
....gggg@g# #.#
###.g#.########.#
# #..........#
#########..# #..#
#..######.
#.........
###.#######
#.#.#########


You could see Robin, 3 hobgoblins, 3 goblins and a ball python.

Vanquished Creatures
  An adder (D:2)
  5 ball pythons
  A bat (D:1)
  4 endoplasms (D:1)
  3 goblins
  4 hobgoblins
  A quokka (D:1)
  2 frilled lizards (D:1)
  A kobold (D:1)
  A rat (D:1)
23 creatures vanquished.

Notes
Turn   | Place    | Note
-------+----------+-------------------------------------------
     0 | D:1      | timneilson the Gargoyle Fighter began the quest for the
                  | Orb.
     0 | D:1      | Reached XP level 1. HP: 14/14 MP: 1/1
    85 | D:1      | Reached XP level 2. HP: 19/19 MP: 2/2
   839 | D:2      | Reached XP level 3. HP: 22/23 MP: 3/3
   850 | D:2      | Noticed Robin
   863 | D:2      | Slain by a goblin

Illustrated notes

Levels and vault maps discovered:
D:1:      spicycebolla_arrival_xxxplode, layout_basic,
          kennysheep_decorative_pillar
D:2:      cheibrodos_pilgrimage, layout_loops_ring, moated_statue, uniq_natasha,
          uniq_robin

Skill      XL: |  1 |
---------------+----+-----
Long Blades    | 2 |  2.3
Fighting       | |  3.4
Armour         | |  3.6
Dodging        | |  0.5
Shields        | |  3.7

Action                     || total
---------------------------++-------
  Melee: Long sword        ||    96
    Use: Scroll            ||     3
   Stab: Distracted        ||     1
 Armour: Scale mail        ||    80
  Dodge: Dodged            ||    44
  Block: Buckler           ||    26

Table legend: (Time is in decaauts)
 A = Elapsed time spent in this place.
 B = Non-inter-level travel time spent in this place.
 C = Inter-level travel time spent in this place.
 D = Time resting spent in this place.
 E = Time spent auto-exploring this place.
 F = Levels seen in this place.
 G = Mean time per level.
                   A        B        C        D        E       F      G
               +--------+--------+--------+--------+--------+-----+--------+
         Total |    895 |    863 |     32 |      8 |    666 |   2 |  447.5 |
       Dungeon |    895 |    863 |     32 |      8 |    666 |   2 |  447.5 |
               +--------+--------+--------+--------+--------+-----+--------+

Top non-repeatable levels by time:
     D:1: 791 daAuts
     D:2: 103 daAuts
